 Dungeon Crawl Stone Soup version 0.30-a0-46-g5a63ccc183 (webtiles) character file.

Game seed: 13731176280107182681

331 ytrimaz the Trooper (level 6, -4/56 HPs)
             Began as a Formicid Fighter on Sept 2, 2022.
             Was an Initiate of Okawaru.
             Slain by Pikel
             ... wielding a +1 whip of electrocution
              (11 damage)
             ... on level 4 of the Dungeon.
             The game lasted 00:04:42 (3287 turns).

ytrimaz the Trooper (Formicid Fighter)              Turns: 3287, Time: 00:04:42

Health: -4/56      AC:  6    Str: 28    XL:     6   Next: 81%
Magic:  6/6        EV:  9    Int:  8    God:    Okawaru [......]
Gold:   87         SH:  6    Dex: 13    Spells: 5/5 levels left

rFire   . . .      SeeInvis +    a - +1 war axe (vorpal) {axe}
rCold   . . .      Faith    .    c - +1 buckler
rNeg    + . .      Spirit   .    b - +0 scale mail
rPois   .          Reflect  .    (helmet unavailable)
rElec   .          Harm     .    (no cloak)
rCorr   .          Rampage  .    (no gloves)
Will    .....                    (no boots)
Stlth   ..........               (no amulet)
HPRegen 0.18/turn                g - +6 ring of strength
MPRegen 0.10/turn                o - ring of positive energy

@: mighty
A: permanent stasis, dig shafts and tunnels, antennae 3, four strong arms
a: Dig, Shaft Self, Renounce Religion


You were on level 4 of the Dungeon.
You worshipped Okawaru.
Okawaru was noncommittal.
You visited 1 branch of the dungeon, and saw 4 of its levels.

You collected 87 gold pieces.


Innate Abilities, Weirdness & Mutations

You cannot be hasted, slowed, berserked, paralysed or teleported.
You can dig through walls and to a lower floor.
You have a pair of large antennae on your head. (SInv)
Your four strong arms can wield two-handed weapons with a shield.


   Skills:
 + Level 7.8 Fighting
 - Level 2.0 Axes
 - Level 3.2 Armour
 - Level 4.0 Shields


You had 5 spell levels left.
You didn't know any spells.
Your spell library contained the following spells:

 Spells                   Type           Power      Damage    Failure   Level
 Beastly Appendage        Tmut           0%         N/A       75%         1
 Wereblood                Tmut           0%         N/A       86%         2
 Spider Form              Tmut/Pois      0%         N/A       98%         3

Inventory:

Hand Weapons
 a - a +1 vorpal war axe (weapon) {axe}
Missiles
 i - 14 stones {throwing}
 k - 6 boomerangs {throwing}
Armour
 b - a +0 scale mail (worn)
 c - a +1 buckler (worn)
Jewellery
 g - a +6 ring of strength (left hand)
   (You found it on level 2 of the Dungeon)
 o - a ring of positive energy (right hand)
   (You found it on level 3 of the Dungeon)
Scrolls
 e - 3 scrolls of identify {@r1}
 f - a scroll of acquirement
 n - a scroll of poison {unknown}
Potions
 h - a potion of lignification {!q}
 j - a potion of attraction {!q}
 l - 3 potions of flight {unknown}
 m - a potion of brilliance {unknown}
 p - a potion of curing {unknown}

Dungeon Overview and Level Annotations

Branches:
Dungeon (4/15) Zot: 20556
 Temple: D:4-7

Altars:
Okawaru

Annotations:
D:4 Pikel

#. .# #. .....
... #.#.#.#.#.#
#......... #.
#.#.#.#.#
#.##...{55.
#.##.#.#K#.#.#.
#.##...@5.J....
#.##.#.#)#.#.#.
#
##.##......<...
#.
#.....#.#.#.#.#
#.#.
#.....#######
#.#.. #.....#
#.#..###.....#
#.#..........#
#.#.##.......#


You could see Pikel, 3 lemures and an endoplasm.


Message History

You block the hobgoblin's attack.
Unknown command.
You barely miss the hobgoblin.
You block the hobgoblin's attack. 😕 HP[+1]
You hit the hobgoblin.
You kill the hobgoblin!
Okawaru accepts your kill.
m - a bubbling golden potion You see here a ball python corpse. 😎 HP[+1]
Your hp is fully restored (55).
You now have 87 gold pieces (gained 11).
You see here a +0 trident of flaming {polearm}.
n - a scroll labelled SOOJIK ZERHUUD You open the door.
There is an open door here.
You see here a +0 short sword {short}.
Found a stone staircase leading up.
A scorpion comes into view.
A scorpion is nearby!
Pikel, Merchant of Souls comes into view.
He is wielding a +1 whip of electrocution.
Pikel shouts!
A lemure comes into view.
The lemure shouts!
A lemure comes into view.
Unknown command.
The lemure shouts!
You slash the scorpion! You block the scorpion's attack.
The scorpion stings you but does no damage.
You barely miss the scorpion.
A lemure comes into view. x2
The scorpion stings you. 😕 HP[-2]
You take 2 damage, and now have 53/55 hp.
The lemure shouts! x2
You slash the scorpion!
You kill the scorpion!
Okawaru is honoured by your kill.
You hear a shout!
Pikel hits you but does no damage. 😕 HP[+2]
You now have 56 max hp (+1).
You regained 2 hp, and now have 55/56 hp.
Unknown command.
You hit Pikel. Pikel barely misses you.
You closely miss Pikel. You block Pikel's attack.
A kobold comes into view.
It is wielding a +0 dagger and quivering poisoned darts.
Pikel closely misses you.
You hit Pikel but do no damage. Pikel closely misses you.
Unknown command.
You barely miss Pikel.
Pikel hits you with a +1 whip of electrocution. x2
You barely miss Pikel.
Pikel hits you with a +1 whip of electrocution. 😕 HP[-6]
You take 6 damage, and now have 49/56 hp.
You closely miss Pikel. You closely miss the lemure. Pikel barely misses you.
The lemure hits you but does no damage.
You hit Pikel. You hit the lemure but do no damage.
Pikel hits you with a +1 whip of electrocution.
You are electrocuted!
The lemure hits you.
* * * LOW HITPOINT WARNING * * *
Pikel barely misses you. The kobold hits you but does no damage.
The lemure hits you but does no damage. 😨 HP[-21]
You take 21 damage, and now have 28/56 hp.
MASSIVE DAMAGE!! (PAUSE)
You are too injured to fight recklessly!
You feel very mighty all of a sudden. Pikel barely misses you.
The kobold hits you but does no damage.
An endoplasm comes into view.
The lemure hits you.
* * * LOW HITPOINT WARNING * * *
😨 HP[-3]
You take 3 damage, and now have 25/56 hp.
Unknown command.
You closely miss Pikel. You closely miss the lemure.
The endoplasm quivers.
You slash the kobold!
You kill the kobold!
Okawaru accepts your kill. The lemure closely misses you.
Pikel hits you but does no damage.
Unknown command.
You slice Pikel!! You barely miss the lemure. The lemure completely misses you.
Pikel completely misses you.
Pikel hits you with a +1 whip of electrocution.
* * * LOW HITPOINT WARNING * * *
You are electrocuted!
* * * LOW HITPOINT WARNING * * *
The lemure hits you.
* * * LOW HITPOINT WARNING * * *
😱 HP[-18]
You take 18 damage, and now have 7/56 hp.
MASSIVE DAMAGE!! (PAUSE) Unknown command.
Okay, then.
You hit Pikel. You barely miss the lemure. The lemure barely misses you.
Pikel hits you with a +1 whip of electrocution!
You die...

Skill      XL: |  1  2  3  4  5 |
---------------+----------------+-----
Fighting       | 4 5 7 |  7.8
Axes           | |  2.0
Armour         | |  3.2
Shields        | |  4.0

Action                   |  1- 3 |  4- 6 || total
-------------------------+-------+-------++-------
Melee: War axe           |    67 |   141 ||   208
 Abil: Dig               |     1 |     2 ||     3
  Use: Scroll            |     1 |     8 ||     9
       Potion            |       |     1 ||     1
Armor: Scale mail        |    40 |    53 ||    93
Dodge: Dodged            |    29 |    65 ||    94
Block: Buckler           |    28 |    46 ||    74

Levels and vault maps discovered:
D:1:      dpeg_arrival_more_subterranean_lakeside_camping, layout_basic,
          st_stairs_3
D:2:      layout_basic, dreamdust_ecumenical_altar_grove, minmay_tromino_v4_a,
          uniq_robin
D:3:      layout_basic, okawaru_gym_becter, serial_rivers,
          chequers_serial_rivers_small_a, chequers_serial_rivers_large_a,
          chequers_serial_rivers_small_3, chequers_serial_rivers_large_b,
          chequers_serial_rivers_room_b, chequers_serial_rivers_small_3,
          minmay_tree_intersection, uniq_jessica
D:4:      layout_basic, minmay_temple_entry_sparse_star, st_stairs_11,
          uniq_pikel

Notes
Turn   | Place    | Note
-------+----------+-------------------------------------------
     0 | D:1      | ytrimaz the Formicid Fighter began the quest for the Orb.
     0 | D:1      | Reached XP level 1. HP: 18/18 MP: 1/1
     0 | D:1      | magus.rc [v1.9.6]
   168 | D:1      | Reached XP level 2. HP: 25/25 MP: 2/2
   168 | D:1      | Identified a scroll of acquirement
   197 | D:1      | Reached skill level 4 in Fighting
   569 | D:1      | Reached XP level 3. HP: 31/31 MP: 3/3
   819 | D:2      | Noticed Robin
   823 | D:2      | Killed Robin
   825 | D:2      | Reached skill level 5 in Fighting
   830 | D:2      | Reached XP level 4. HP: 30/39 MP: 4/4
  1065 | D:2      | Found a faded altar of an unknown god.
  1456 | D:2      | Reached XP level 5. HP: 27/45 MP: 5/5
  1457 | D:2      | Reached skill level 6 in Fighting
  2257 | D:3      | Noticed a phantom
  2261 | D:3      | Killed a phantom
  2262 | D:3      | Reached skill level 7 in Fighting
  2262 | D:3      | Reached XP level 6. HP: 55/55 MP: 6/6
  2325 | D:3      | Found an iron altar of Okawaru.
  2328 | D:3      | Identified a +2 robe of the Archmagi
  2328 | D:3      | Noticed Jessica
  2339 | D:3      | Killed Jessica
  2494 | D:3      | Became a worshipper of Warmaster Okawaru
  2843 | D:3      | You pick up a book of Changes and begin reading...
  2843 | D:3      | You add the spells Beastly Appendage, Wereblood and Spider
                  | Form to your library.
  3272 | D:4      | Noticed Pikel
  3286 | D:4      | HP: 8/56 [Pikel/+1 whip of electrocution (12)]
  3287 | D:4      | Slain by Pikel

Vanquished Creatures
  A phantom (D:3)
  A scorpion (D:4)
  Jessica (D:3)
  Robin (D:2)
  3 adders
  4 gnolls (D:2)
  2 dart slugs
  2 orcs (D:3)
  3 bats
  7 endoplasms
  3 giant cockroaches
  15 goblins
  7 hobgoblins
  6 jackals
  5 kobolds
  3 quokkas
  8 ball pythons
  6 frilled lizards
  4 rats
82 creatures vanquished.

Vanquished Creatures (others)
  2 fungi (D:2)
  6 plants (D:2)
8 creatures vanquished.

Grand Total: 90 creatures vanquished

Table legend:
 A = Non-vault XP
 B = Vault XP
 C = Vault XP percentage of total XP
 D = Non-vault monster count
 E = Vault monster count
 F = Vault count percentage of total count
                 A         B        C        D         E       F
            +---------+---------+-------+---------+---------+-------
      Total |     298 |     175 |  37.0 |      60 |      22 |  26.8
            +---------+---------+-------+---------+---------+-------
        D:1 |      30 |       4 |  11.8 |      17 |       2 |  10.5
        D:2 |     103 |      45 |  30.4 |      22 |      17 |  43.6
        D:3 |     148 |      37 |  20.0 |      18 |       1 |   5.3
        D:4 |      17 |      89 |  84.0 |       3 |       2 |  40.0
            +---------+---------+-------+---------+---------+-------

Illustrated notes

Table legend:
 A = Kills in this place as a percentage of kills in entire the game.
 B = Kills by you in this place as a percentage of kills by you in the entire game.
 C = Kills by friends in this place as a percentage of kills by friends in the entire game.
 D = Other kills in this place as a percentage of other kills in the entire game.
 E = Experience gained in this place as a percentage of experience gained in the entire game.
 F = Experience gained in this place divided by the number of levels of this place that you have seen.
                   A       B       C       D       E      F
               +-------+-------+-------+-------+-------+----------------------
         Total | 100.0 | 100.0 |   N/A |   N/A | 100.0 | 118.2
       Dungeon | 100.0 | 100.0 |   N/A |   N/A | 100.0 | 118.2
               +-------+-------+-------+-------+-------+----------------------

Table legend: (Time is in decaauts)
 A = Elapsed time spent in this place.
 B = Non-inter-level travel time spent in this place.
 C = Inter-level travel time spent in this place.
 D = Time resting spent in this place.
 E = Time spent auto-exploring this place.
 F = Levels seen in this place.
 G = Mean time per level.
                   A        B        C        D        E       F      G
               +--------+--------+--------+--------+--------+-----+--------+
         Total |   3442 |   3340 |    102 |      0 |   2733 |   4 |  860.5 |
       Dungeon |   3442 |   3340 |    102 |      0 |   2733 |   4 |  860.5 |
               +--------+--------+--------+--------+--------+-----+--------+

Top non-repeatable levels by time:
     D:2: 1300 daAuts
     D:3: 1131 daAuts
     D:1: 710 daAuts
     D:4: 299 daAuts
